 Dungeon Crawl Stone Soup version 0.31-a0-835-g2a3a5bc3be (webtiles) character file.

Game seed: 12545530772458278029

156 Conn the Sneak (level 5, -9/31 HPs)
             Began as an Octopode Fire Elementalist on Sept 26, 2023.
             Mangled by a gnoll
             ... wielding a +1 heavy halberd
              (25 damage)
             ... on level 3 of the Dungeon.
             The game lasted 00:04:35 (2784 turns).

Conn the Sneak (Octopode Fire Elementalist)         Turns: 2784, Time: 00:04:36

Health: -9/31      AC:  3    Str: 14    XL:     5   Next: 37%
Magic:  9/9        EV: 13    Int: 19    God:
Gold:   125        SH:  0    Dex: 12    Spells: 3/9 levels left

rFire   . . .        n - +3 quarterstaff (chaos)
rCold   . . .        (shield currently unavailable)
rNeg    . . .        l - +2 hat
rPois   .            (no amulet)
rElec   .            d - ring of willpower
rCorr   .            b - +6 ring of strength
SInv    .            (no ring)
Will    +....        (no ring)
Stlth   ++           (no ring)
HPRegen 0.25/turn    (no ring)
MPRegen 0.11/turn    (no ring)
                     (no ring)

%: no passive effects
@: confused, ambrosia-drunk, attractive, very slightly contaminated
A: almost no armour, amphibious, 8 rings, camouflage 1, gelatinous body 1,
(nimble swimmer 1), tentacles
a: no special abilities


You were on level 3 of the Dungeon.
You visited 1 branch of the dungeon, and saw 3 of its levels.

You collected 125 gold pieces.

Inventory:

Hand Weapons
 i - a +0 short sword
 n - a +3 quarterstaff of chaos (weapon)
Missiles
 k - a throwing net
Armour
 l - a +2 hat (worn)
Jewellery
 b - a +6 ring of strength (right tentacle)
 d - a ring of willpower (left tentacle)
Scrolls
 c - a scroll of vulnerability {unknown}
 e - a scroll of poison {unknown}
 g - a scroll of enchant armour {unknown}
 o - a scroll of blinking {unknown}
Potions
 a - 2 potions of magic
 f - a potion of ambrosia
 j - a potion of brilliance {unknown}
 m - a potion of enlightenment {unknown}


   Skills:
 + Level 3.0 Dodging
 + Level 4.1 Stealth
 + Level 2.8 Spellcasting
 + Level 2.3 Conjurations
 + Level 3.7 Fire Magic


You had 3 spell levels left.
You knew the following spells:

 Your Spells              Type           Power      Damage    Failure   Level
a - Foxfire               Conj/Fire      56%        2x1d6     4%          1
b - Scorch                Fire           32%        2d6       4%          2
c - Inner Flame           Hex/Fire       9%         N/A       22%         3

Your spell library contained the following spells:

 Spells                   Type           Power      Damage    Failure   Level
 Volatile Blastmotes      Fire/Tloc      18%        2d11      22%         3
 Flame Wave               Conj/Fire      14%        2d6       41%         4
 Olgreb's Toxic Radiance  Pois           2%         N/A       83%         4
 Discord                  Hex            1%         N/A       100%        8
 Ignition                 Fire           8%         3d5       100%        8


Dungeon Overview and Level Annotations

Branches:
Dungeon (3/15)

Altars:

Shops:
D:1 (


Innate Abilities, Weirdness & Mutations

You cannot wear most types of armour.
You are amphibious.
You can wear up to eight rings at the same time.
Your skin changes colour to match your surroundings (Stealth+).
Your rubbery body absorbs attacks. (AC +1, EV +1)
((You are camouflaged when in or above water. (Stealth+)))
You have tentacles for arms and can constrict up to eight enemies at once.


Message History

Casting: Foxfire (safe; 4% risk of failure)
Confirm with . or Enter, or press ? or * to list all spells.
You conjure some foxfire!
The foxfire hits the gnoll.
The gnoll is moderately wounded.
The foxfire hits the gnoll.
The gnoll is moderately wounded.
Unknown command.
Casting: Foxfire (safe; 4% risk of failure)
Confirm with . or Enter, or press ? or * to list all spells.
You conjure some foxfire!
The foxfire hits the gnoll.
The gnoll is severely wounded.
The gnoll hits you from afar with a +1 heavy halberd!!
Ouch! That really hurt!
Unknown command.
The foxfire hits the gnoll.
The gnoll is heavily wounded.
The foxfire hits the gnoll.
The gnoll is severely wounded.
The foxfire hits the gnoll.
The gnoll is almost dead.
The gnoll attacks as it pursues you! The gnoll hits you with a +0 whip.
* * * LOW HITPOINT WARNING * * *
The gnoll attacks as it pursues you!
The gnoll hits you from afar with a +1 heavy halberd.
* * * LOW HITPOINT WARNING * * *
Okay, then.
Okay, then.
Unknown command.
It was a potion of ambrosia.
You are confused.
You feel invigorated. The gnoll closely misses you.
Okay, then.
It was a potion of attraction.
You feel attractive to monsters. The gnoll misses you.
The gnoll barely misses you.
You're too confused to cast spells.
You bump into the rock wall.
The gnoll hits you from afar with a +1 heavy halberd!!
Ouch! That really hurt!
You die...

.. .# #. .# # .##. .#.#
#. #. .#. .. #. .'
########. #.#. . .... ...
#.g########'.. #.#...#.#
#.@.g....))...
#.....#.#####........#
#.#...........######....#
#.#####.####### ###
#.....#.# #.......#
####...####### ###
###...#......
..###..).........


You could see 2 gnolls.

Vanquished Creatures
  Crazy Yiuf (D:2)
  2 adders (D:2)
  5 gnolls
  A worm (D:2)
  A dart slug (D:1)
  An orc (D:2)
  3 bats
  6 endoplasms
  3 giant cockroaches
  4 goblins
  4 hobgoblins
  6 jackals (D:2)
  A quokka (D:1)
  4 ball pythons
  3 frilled lizards
  5 kobolds
  2 rats
52 creatures vanquished.

Vanquished Creatures (others)
  172 foxfires
172 creatures vanquished.

Grand Total: 224 creatures vanquished

Notes
Turn   | Place    | Note
-------+----------+-------------------------------------------
     0 | D:1      | Conn the Octopode Fire Elementalist began the quest for the
                  | Orb.
     0 | D:1      | Reached XP level 1. HP: 11/11 MP: 3/3
   229 | D:1      | Reached skill level 3 in Stealth
   229 | D:1      | Reached XP level 2. HP: 17/17 MP: 0/5
   272 | D:1      | Learned a level 2 spell: Scorch
   398 | D:1      | Found Zonisie's Weapon Shop.
  1110 | D:1      | Reached XP level 3. HP: 21/21 MP: 2/6
  1114 | D:1      | Learned a level 3 spell: Inner Flame
  1423 | D:2      | Reached XP level 4. HP: 27/27 MP: 1/7
  2247 | D:2      | Found a runed translucent door.
  2248 | D:2      | Noticed Crazy Yiuf
  2253 | D:2      | Killed Crazy Yiuf
  2254 | D:2      | Reached skill level 4 in Stealth
  2254 | D:2      | Reached XP level 5. HP: 31/31 MP: 2/9
  2784 | D:3      | Mangled by a gnoll

Illustrated notes

Levels and vault maps discovered:
D:1:      dpeg_arrival_rhombus, layout_basic, serial_shops, shop
D:2:      layout_loops_corners, minmay_stone_trees_medium,
          uniq_crazy_yiuf_cottage
D:3:      layout_loops_cross, minivault_11

Skill      XL: |  1  2  3  4  5 |
---------------+----------------+-----
Stealth        | 3 4 |  4.1
Conjurations   | 2 |  2.3
Dodging        | 3 |  3.0
Spellcasting   | |  2.8
Fire Magic     | |  3.7

Action                     |  1- 3 |  4- 6 || total
---------------------------+-------+-------++-------
  Melee: Unarmed           |     4 |       ||     4
         Constrict         |     4 |     6 ||    10
         Tentacles         |     2 |     5 ||     7
         Short sword       |     5 |    24 ||    29
         Quarterstaff      |       |     1 ||     1
   Cast: Foxfire           |    65 |    33 ||    98
         Inner Flame       |       |     2 ||     2
         Scorch            |       |     1 ||     1
    Use: Potion            |       |     2 ||     2
   Stab: Sleeping          |       |     5 ||     5
 Armour: Skin              |     6 |    14 ||    20
  Dodge: Dodged            |     3 |    20 ||    23

Table legend: (Time is in decaauts)
 A = Elapsed time spent in this place.
 B = Non-inter-level travel time spent in this place.
 C = Inter-level travel time spent in this place.
 D = Time resting spent in this place.
 E = Time spent auto-exploring this place.
 F = Levels seen in this place.
 G = Mean time per level.
                   A        B        C        D        E       F      G
               +--------+--------+--------+--------+--------+-----+--------+
         Total |   2781 |   2740 |     41 |    127 |   2094 |   3 |  927.0 |
       Dungeon |   2781 |   2740 |     41 |    127 |   2094 |   3 |  927.0 |
               +--------+--------+--------+--------+--------+-----+--------+

Top non-repeatable levels by time:
     D:2: 1388 daAuts
     D:1: 1178 daAuts
     D:3: 215 daAuts
